Map: Cyber Forest LE

Players

Serral - Winner!

  • Race: Zerg Zerg
  • League: Grandmaster
  • Spawn Location: 5:00

TYTY (TY)

  • Race: Terran Terran
  • League: Master
  • Spawn Location: 11:00

Event: HomeStory Cup XIX

VOD

Have the link to the VOD?

Description

Time

  • Played on: June 30, 2019, 1:32 p.m.
  • Length: 19:58

All games in this series

Show
View Real Time Build Order
Export as new Build Order

Serral Zerg - Winner!

Build Orders: Hatch First 

Get SALT Encoding   

  12  0:00  Drone  
  13  0:12  Overlord  
  13  0:16  Drone  
  14  0:31  Drone x2  
  16  0:48  Hatchery  
  15  0:52  Drone  
  15  0:54  Drone  
  17  0:58  Drone  
  18  1:08  Extractor  
  17  1:13  Spawning Pool  
  17  1:16  Drone  
  17  1:20  Drone  
  18  1:28  Drone  
  19  1:39  Drone  
  20  1:54  Overlord  
  20  2:00  Queen x2  
  25  2:01  Zergling x4  
  26  2:12  Metabolic Boost, Drone x2  
  28  2:21  Drone  
  28  2:22  Drone  
  30  2:39  Hatchery  
  30  2:42  Queen  
  31  2:47  Drone  
  32  2:51  Overlord  
  32  2:53  Drone  
  32  2:55  Drone  
  32  2:58  Drone  
  35  3:00  Drone  
  36  3:12  Drone x2, Overlord  
  38  3:15  Zergling x2, Drone  
  38  3:16  Drone  
  41  3:23  Queen  
  43  3:27  Overlord  
  43  3:28  Drone  
  43  3:30  Drone  
  45  3:37  Drone  
  45  3:40  Drone  
  46  3:42  Drone x3  
  46  3:47  Lair  
  49  3:49  Zergling x2  
  49  3:51  Queen  
  49  3:53  Zergling x2  
  53  3:55  Drone  
  53  4:00  Baneling Nest  
  53  4:01  Drone  
  54  4:05  Queen  
  54  4:09  Drone x2  
  58  4:11  Drone  
  58  4:12  Drone  
  58  4:14  Drone  
  58  4:16  Drone  
  63  4:17  Drone  
  63  4:18  Drone  
  63  4:21  Overlord  
  63  4:23  Drone  
  65  4:33  Queen, Extractor  
  65  4:34  Extractor  
  65  4:35  Overlord  
  65  4:39  Drone x6  
  65  4:43  Zergling x2  
  65  4:44  Zergling x2  
  73  4:53  Centrifical Hooks  
  73  4:55  Drone x4, Evolution Chamber x2  
  73  4:57  Drone x2  
  73  4:59  Drone x2  
  79  5:01  Extractor  
  79  5:03  Overlord  
  79  5:04  Drone  
  79  5:06  Drone  
  80  5:08  Drone  
  80  5:13  Overlord  
  80  5:14  Overseer  
  81  5:17  Overlord  
  81  5:19  Overlord  
  81  5:22  Zergling x10  
  86  5:29  Zerg Ground Armor Level 1  
  86  5:32  Hatchery  
  84  5:35  Zerg Melee Weapons Level 1  
  84  5:41  Zergling x8  
  88  5:46  Drone  
  88  5:47  Drone x3, Extractor  
  91  5:52  Drone x4  
  91  5:54  Drone  
  91  5:56  Baneling x5  
  95  5:57  Baneling  
  95  5:59  Zergling x2  
  95  6:00  Zergling x10  
  101  6:06  Zergling x4  
  101  6:07  Zergling x2  
  103  6:16  Queen  
  102  6:23  Drone x3  
  102  6:24  Drone x2  
  104  6:30  Drone x2  
  104  6:31  Overlord x3  
  106  6:33  Overlord  
  106  6:35  Baneling x5, Infestation Pit  
  106  6:38  Overlord  
  105  6:41  Overlord x2  
  105  6:42  Spore Crawler  
  104  6:50  Spore Crawler  
  104  6:51  Drone x2  
  104  6:52  Drone  
  104  6:53  Overseer  
  104  6:54  Baneling, Drone x2  
  106  6:57  Spore Crawler  
  106  7:00  Drone x5  
  110  7:02  Zergling x10  
  110  7:03  Zergling x2  
  110  7:07  Zergling x2  
  110  7:08  Zergling x2  
  118  7:14  Zergling x4  
  120  7:16  Hive  
  120  7:19  Drone x2  
  122  7:23  Overlord  
  122  7:24  Zergling x4  
  122  7:28  Zerg Ground Armor Level 2  
  122  7:29  Zergling x4  
  122  7:35  Zergling x6  
  118  7:39  Zergling x2, Hatchery  
  118  7:42  Zergling x2  
  117  7:45  Drone  
  117  7:47  Baneling x6  
  117  7:48  Hatchery  
  117  7:49  Zergling x16  
  125  7:53  Overlord  
  125  7:54  Zerg Melee Weapons Level 2  
  125  8:02  Zergling x16  
  133  8:10  Zergling x6  
  133  8:16  Drone x3  
  131  8:20  Overlord  
  131  8:23  Zergling x16  
  136  8:33  Adrenal Glands  
  135  8:36  Zergling x8, Ultralisk Cavern  
  135  8:41  Baneling x5  
  136  8:42  Baneling x2  
  136  8:45  Drone, Extractor  
  136  8:46  Drone x4, Extractor  
  136  8:47  Spore Crawler  
  136  8:48  Drone x3  
  139  8:49  Drone  
  139  8:53  Queen  
  139  8:55  Spire  
  143  8:57  Zergling x18  
  152  9:03  Zergling x4  
  152  9:09  Pneumatized Carapace  
  152  9:21  Spore Crawler  
  152  9:22  Chitinous Plating  
  150  9:36  Ultralisk x2  
  150  9:37  Ultralisk x2  
  173  9:40  Extractor  
  173  9:45  Drone  
  173  9:47  Spore Crawler  
  173  9:51  Zerg Ground Armor Level 3  
  168  10:05  Hatchery  
  168  10:06  Ultralisk  
  168  10:07  Ultralisk  
  179  10:08  Zerg Flyer Weapons Level 1  
  179  10:10  Overlord x4  
  179  10:19  Zergling x6  
  179  10:20  Zergling x16  
  186  10:29  Drone  
  186  10:30  Drone, Spore Crawler x2  
  186  10:32  Spore Crawler  
  185  10:36  Baneling x16  
  185  10:37  Spire  
  185  10:41  Anabolic Synthesis  
  183  10:45  Baneling x7  
  183  10:51  Extractor  
  183  10:53  Zerg Melee Weapons Level 3  
  183  10:55  Zergling x32  
  196  11:04  Zergling x8  
  199  11:17  Drone  
  200  11:21  Burrow  
  200  11:25  Overseer  
  194  11:33  Drone x4  
  194  11:34  Drone  
  194  11:35  Spore Crawler x3  
  194  11:36  Spore Crawler  
  195  11:40  Spore Crawler  
  195  11:41  Zergling x12  
  195  11:45  Spore Crawler  
  199  11:47  Baneling x9  
  199  11:48  Baneling x2  
  199  11:53  Zerg Flyer Armor Level 1  
  196  12:02  Zergling x2  
  196  12:03  Zergling x8  
  189  12:13  Corruptor x8  
  198  12:18  Drone x4  
  180  12:35  Corruptor x4  
  173  12:43  Zergling x2, Ultralisk x2  
  173  12:44  Zergling x10  
  191  12:53  Baneling x6  
  191  12:54  Zergling x10  
  191  12:55  Zergling x2  
  197  13:00  Zergling x6  
  200  13:17  Hatchery  
  199  13:20  Greater Spire  
  199  13:23  Overseer  
  199  13:41  Nydus Network  
  192  13:43  Corruptor x2  
  192  13:45  Zergling x8  
  192  13:46  Zerg Flyer Weapons Level 2  
  200  13:48  Baneling  
  200  13:49  Baneling x9  
  200  13:54  Baneling x2  
  200  13:55  Baneling x4  
  148  14:14  Corruptor x8  
  148  14:15  Corruptor x2  
  146  14:20  Zergling x28, Ultralisk  
  166  14:27  Zergling x14  
  166  14:28  Zergling x2  
  166  14:29  Zergling x2  
  166  14:30  Zergling x2  
  176  14:36  Drone x5  
  181  14:41  Zergling x10  
  181  14:42  Overseer  
  186  14:52  Baneling x7  
  186  14:54  Zergling x16  
  186  14:56  Overseer  
  186  14:58  Baneling x7  
  194  15:07  Baneling x5  
  194  15:14  Nydus Canal  
  194  15:17  Ultralisk  
  164  15:29  Zergling x2  
  164  15:30  Zergling x18  
  171  15:36  Overseer  
  171  15:45  Zergling x34  
  171  15:47  Baneling x3  
  171  15:48  Baneling x2  
  171  15:49  Ultralisk x2  
  197  15:51  Baneling x6  
  195  16:10  Drone x9  
  195  16:11  Baneling x14  
  193  16:24  Zergling x14  
  199  16:28  Zerg Flyer Armor Level 2, Zerg Flyer Weapons Level 3  
  199  16:29  Pathogen Glands  
  197  16:39  Hatchery  
  194  16:55  Hatchery  
  194  16:57  Baneling x7, Zergling x2  
  194  16:58  Zergling x10  
  199  17:02  Zergling x2  
  199  17:03  Overseer  
  199  17:07  Baneling  
  199  17:08  Baneling x4  
  200  17:27  Zergling x40  
  154  17:37  Corruptor x2  
  154  17:38  Corruptor x8  
  154  17:40  Zergling x28  
  154  17:43  Overseer  
  188  17:46  Baneling x4  
  188  17:48  Extractor  
  188  17:51  Drone x5  
  185  17:52  Drone x2  
  185  17:53  Drone x2  
  185  17:57  Zergling x2  
  185  17:58  Zergling x14  
  199  17:59  Nydus Canal  
  198  18:10  Baneling x10  
  198  18:14  Zergling x2  
  198  18:17  Baneling x8  
  199  18:24  Baneling  
  199  18:25  Baneling x9  
  195  18:47  Zergling x50  
  195  18:48  Zergling x6  
  197  18:54  Zergling x22  
  181  18:56  Overlord  
  181  19:00  Baneling x12  
  181  19:01  Baneling  
  180  19:02  Baneling  
  180  19:03  Baneling  
  180  19:08  Baneling x5  
  180  19:09  Baneling x2  
  180  19:12  Zergling x14, Swarm Host  
  180  19:16  Baneling x5  
  180  19:17  Baneling x5  
  190  19:23  Zergling x16  
  198  19:29  Baneling x4  
  194  19:39  Zergling x8  
  194  19:40  Zergling x14  
Show
View Real Time Build Order
Export as new Build Order

TYTY Terran 

Build Orders: Reaper Expand 

Get SALT Encoding   

  12  0:00  SCV  
  13  0:12  SCV  
  14  0:19  Supply Depot  
  14  0:24  SCV  
  15  0:41  SCV  
  15  0:42  Barracks  
  16  0:44  Refinery  
  16  0:53  SCV  
  17  1:05  SCV  
  18  1:17  SCV  
  19  1:29  Reaper  
  19  1:30  Orbital Command  
  20  1:40  Command Center  
  20  1:53  Supply Depot  
  20  1:55  SCV  
  21  2:01  Marine  
  21  2:08  Factory  
  22  2:09  SCV  
  23  2:19  Marine  
  23  2:21  SCV  
  25  2:33  SCV  
  26  2:38  Barracks Reactor  
  26  2:44  Command Center  
  26  2:45  SCV  
  27  2:53  Barracks  
  27  2:57  SCV  
  28  3:05  Orbital Command  
  28  3:10  SCV  
  29  3:19  Hellion x2  
  33  3:22  Barracks Tech Lab  
  33  3:24  SCV  
  34  3:30  SCV  
  35  3:36  SCV  
  35  3:43  SCV  
  35  3:44  Stimpack  
  35  3:45  Marine  
  37  3:48  SCV  
  37  3:49  Refinery  
  37  3:51  Marine x2  
  37  3:55  SCV  
  41  3:57  Orbital Command  
  41  4:01  SCV  
  42  4:03  Starport  
  42  4:06  Marine  
  42  4:07  SCV  
  42  4:09  Marine x2  
  46  4:13  SCV  
  47  4:18  Factory Reactor  
  47  4:21  SCV, Supply Depot  
  47  4:23  SCV  
  49  4:25  Marine, SCV  
  49  4:26  Marine  
  49  4:27  Supply Depot  
  49  4:31  Bunker, Marine  
  52  4:36  SCV  
  54  4:42  Marine, SCV  
  54  4:44  Marine  
  57  4:49  Marine, SCV  
  59  4:56  Barracks, Medivac x2  
  59  4:57  SCV  
  63  5:00  Marine  
  63  5:01  Refinery, SCV x2  
  63  5:02  Marine, Refinery  
  67  5:09  Engineering Bay  
  67  5:10  Marine  
  67  5:11  Factory Tech Lab, Engineering Bay  
  68  5:14  SCV x2  
  68  5:19  Supply Depot  
  68  5:20  Marine x2  
  72  5:23  Orbital Command  
  72  5:26  SCV  
  73  5:31  Siege Tank  
  73  5:34  Starport Reactor  
  73  5:35  Marine  
  77  5:41  Marine, SCV x2  
  77  5:42  Supply Depot  
  80  5:43  Terran Infantry Weapons Level 1  
  80  5:44  Supply Depot  
  81  5:51  Marine x3  
  81  5:52  Terran Infantry Armor Level 1  
  81  5:53  SCV  
  84  5:59  SCV  
  85  6:06  Supply Depot  
  85  6:08  Marine x2  
  87  6:16  Supply Depot  
  87  6:20  Medivac x2  
  87  6:23  Marine x3  
  87  6:24  SCV x2  
  87  6:25  SCV  
  89  6:26  Combat Shield, Marine  
  89  6:30  Barracks x2, Marine  
  89  6:32  Siege Tank  
  94  6:38  SCV x2  
  96  6:43  Marine x2  
  96  6:45  SCV  
  99  6:50  SCV  
  99  6:51  SCV, Command Center  
  101  6:54  Armory  
  101  6:57  SCV  
  101  6:58  Marine x3  
  105  7:02  SCV  
  105  7:03  SCV  
  105  7:04  Marine x2  
  105  7:06  Supply Depot  
  105  7:08  Supply Depot  
  109  7:09  SCV  
  109  7:11  Supply Depot  
  111  7:15  SCV x2  
  111  7:17  Siege Tank  
  111  7:18  Marine, Barracks Reactor  
  111  7:21  SCV  
  115  7:23  Barracks Reactor, Factory  
  115  7:25  Refinery  
  115  7:27  SCV  
  116  7:33  Marine  
  106  7:39  Marine  
  106  7:40  Marine x3  
  109  7:44  SCV x2  
  109  7:48  Refinery  
  109  7:49  Siege Tank  
  115  7:51  Marine  
  115  7:54  Marine x2  
  115  7:56  SCV  
  115  7:57  Marine x2, SCV  
  115  7:58  Terran Infantry Weapons Level 2, Marine, Terran Infantry Armor Level 2  
  122  8:01  Marine, Terran Vehicle Weapons Level 1  
  122  8:02  Marine x2  
  125  8:07  SCV  
  125  8:08  SCV  
  125  8:09  Supply Depot  
  125  8:12  Factory Tech Lab  
  127  8:18  Marine x4  
  127  8:19  Marine x5  
  132  8:22  SCV x2  
  132  8:26  Sensor Tower  
  136  8:32  Siege Tank  
  136  8:33  SCV  
  140  8:39  SCV x2  
  142  8:45  SCV  
  143  8:49  Supply Depot  
  143  8:50  Planetary Fortress  
  143  8:51  SCV x2  
  143  8:53  Barracks, Missile Turret  
  143  8:55  Siege Tank  
  148  8:57  SCV  
  149  9:03  SCV x2  
  149  9:09  SCV  
  152  9:11  Barracks  
  152  9:15  Barracks, SCV x2  
  152  9:16  Marine x4, Refinery x2, Command Center  
  158  9:18  Marine x2  
  158  9:23  Siege Tank  
  162  9:30  Siege Tank  
  165  9:31  Medivac  
  165  9:32  Medivac  
  165  9:33  SCV x2  
  171  9:43  Barracks Tech Lab  
  171  9:46  Starport  
  171  9:48  Starport  
  171  9:57  Supply Depot  
  171  9:58  Terran Vehicle Weapons Level 2, Liberator, Supply Depot  
  171  9:59  Sensor Tower  
  170  10:01  Liberator  
  170  10:07  Barracks Tech Lab x2  
  170  10:11  Command Center  
  170  10:17  Siege Tank  
  174  10:22  Siege Tank  
  183  10:29  Starport Reactor  
  183  10:31  Starport Tech Lab  
  177  10:41  Liberator  
  177  10:42  Liberator  
  177  10:44  Liberator  
  177  10:45  Missile Turret, Fusion Core  
  177  10:46  Ghost Academy  
  177  10:48  Liberator  
  177  10:49  Liberator  
  180  10:54  Command Center  
  180  10:59  Command Center  
  180  11:04  Terran Infantry Weapons Level 3  
  190  11:11  SCV x2  
  190  11:12  SCV  
  193  11:20  Missile Turret  
  193  11:24  Missile Turret x2  
  193  11:27  SCV x2  
  193  11:28  SCV  
  196  11:37  Advanced Ballistics  
  194  11:47  Terran Infantry Armor Level 3  
  194  11:49  Ghost Academy, Refinery  
  194  11:50  Siege Tank x2, Ghost Academy  
  194  11:52  Missile Turret  
  200  11:54  Refinery, Planetary Fortress  
  200  11:58  Missile Turret  
  199  12:02  Sensor Tower  
  199  12:05  Missile Turret  
  199  12:06  Missile Turret  
  199  12:07  Missile Turret  
  174  12:15  Viking x2  
  172  12:16  Viking x3  
  172  12:18  Ghost  
  172  12:19  Ghost  
  167  12:32  Siege Tank, Ghost  
  167  12:35  Siege Tank  
  167  12:36  SCV x2  
  160  12:41  Marine  
  160  12:42  Orbital Command, Marine x2  
  163  12:48  Refinery  
  163  12:49  SCV x3  
  166  12:52  SCV x2  
  168  13:01  SCV  
  168  13:02  Missile Turret x2  
  168  13:04  Siege Tank  
  172  13:11  Viking x2  
  172  13:12  Viking  
  178  13:13  Ghost x2  
  178  13:14  Missile Turret  
  178  13:17  Personal Cloaking  
  178  13:19  Marine x4  
  186  13:25  Siege Tank  
  189  13:43  Orbital Command  
  189  13:45  Missile Turret  
  189  13:47  Nuke  
  189  13:48  Sensor Tower  
  189  13:51  Marine x2  
  189  13:52  Marine x5  
  196  13:58  Ghost x2  
  196  14:02  Marine x3  
  186  14:06  Siege Tank  
  162  14:18  Marine x3  
  162  14:19  Ghost x2  
  169  14:27  Refinery  
  169  14:28  Marine x5  
  171  14:34  Missile Turret, Planetary Fortress  
  171  14:36  Liberator x2  
  171  14:37  Marine x4  
  172  14:39  Liberator  
  172  14:42  Ghost  
  172  14:43  Nuke  
  172  14:44  Liberator  
  174  14:46  Siege Tank  
  174  14:51  Siege Tank  
  180  14:54  Liberator  
  189  15:02  SCV x3  
  198  15:23  Liberator x2  
  183  15:39  Siege Tank x2  
  183  15:41  Marine x4  
  199  15:43  Marine  
  200  15:51  Orbital Command  
  200  15:59  Missile Turret x2  
  200  16:00  Marine  
  195  16:19  Refinery  
  195  16:20  Siege Tank  
  189  16:29  Missile Turret  
  189  16:31  Missile Turret  
  189  16:35  Viking x4  
  189  16:36  Viking  
  189  16:39  Marauder x2  
  200  16:40  Command Center  
  200  16:44  Terran Vehicle Weapons Level 3  
  199  17:03  Marine, Missile Turret  
  200  17:25  Orbital Command  
  129  17:37  Viking  
  129  17:38  Viking  
  129  17:40  Marauder x2, Marine x4  
  129  17:42  Marine x3  
  129  17:43  Marauder x2  
  148  17:45  SCV x2  
  148  17:47  SCV x4  
  148  17:51  Liberator x3  
  154  17:57  SCV x2  
  154  17:58  SCV  
  157  17:59  SCV  
  157  18:07  Siege Tank  
  157  18:08  Siege Tank, Sensor Tower  
  157  18:10  Marine  
  157  18:11  Marauder  
  174  18:17  Marine x3  
  179  18:20  Marine x2, Liberator x2  
  179  18:21  Marine  
  179  18:23  Ghost x2  
  180  18:32  Marine x2  
  180  18:33  Orbital Command, Marauder  
  186  18:35  Marine  
  186  18:40  Siege Tank x2  
  156  18:49  Marauder  
  156  18:51  SCV  
  156  18:52  Marauder, SCV  
  148  19:05  Medivac x2  
  148  19:06  Marine, Medivac  
  148  19:07  Marauder  
  157  19:13  Concussive Shells  
  157  19:27  Marauder  
Tags
 
Add a new tag
Caveats
  • Supply blocks, unpowered buildings, or Contaminate may cause inaccurate times.
  • Supply counts are checked every 10 seconds.